 Dungeon Crawl Stone Soup version 0.29.1-15-g9cfb28693d (webtiles) character file.

Game seed: 9546699026665765717

604 croobank the Ruffian (level 7, -2/70 HPs)
             Began as a Troll Fighter on Apr 23, 2023.
             Was an Initiate of Wu Jian.
             Slain by a hound (4 damage)
             ... on level 6 of the Dungeon.
             The game lasted 00:06:57 (3265 turns).

croobank the Ruffian (Troll Fighter)                Turns: 3265, Time: 00:06:58

Health: -2/70      AC:  4    Str: 25    XL:     7   Next: 18%
Magic:  6/6        EV:  8    Int:  6    God:    Wu Jian [......]
Gold:   142        SH:  8    Dex:  9    Spells: 6/6 levels left

rFire   . . .      SeeInvis .     - Unarmed
rCold   . . .      Faith    .   g - +0 kite shield
rNeg    . . .      Spirit   .   a - +0 robe
rPois   .          Reflect  .   (helmet restricted)
rElec   .          Harm     +   l - scarf {harm}
rCorr   .          Rampage  .   (gloves unavailable)
Will    .....                   (boots unavailable)
Stlth   +.........              (no amulet)
HPRegen 1.01/turn               (no ring)
MPRegen 0.10/turn               (no ring)

@: mighty, attractive
A: large, unfitting armour, claws 3, regeneration 1, shaggy fur 1, tough skin 1
a: Renounce Religion


You were on level 6 of the Dungeon.
You worshipped Wu Jian.
Wu Jian was noncommittal.
You visited 2 branches of the dungeon, and saw 7 of its levels.

You collected 142 gold pieces.

Inventory:

Hand Weapons
 b - a +1 vorpal sling
Missiles
 n - 6 poisoned darts
Armour
 a - a +0 robe (worn)
 g - a +0 kite shield (worn)
 l - a scarf of harm (worn)
Jewellery
 q - a ring of poison resistance
Wands
 m - a wand of roots (5)
Scrolls
 d - 6 scrolls of identify {unknown}
 e - a scroll of vulnerability {unknown}
 f - 3 scrolls of teleportation {unknown}
 h - a scroll of enchant armour {unknown}
 j - a scroll of fear {unknown}
 o - a scroll of butterflies {unknown}
Potions
 i - a potion of attraction


   Skills:
 + Level 4.0 Fighting
 - Level 2.4 Dodging
 + Level 4.4 Shields
 * Level 5.7 Unarmed Combat


You had 6 spell levels left.
You didn't know any spells.
Your spell library contained the following spells:

 Spells                   Type           Power      Damage    Failure   Level
 Ensorcelled Hibernation  Hex/Ice        0%         N/A       86%         2
 Passwall                 Tmut/Erth      0%         N/A       86%         2
 Scorch                   Fire           0%         2d5       86%         2
 Swiftness                Air            0%         N/A       98%         3
 Flame Wave               Conj/Fire      0%         2d4       100%        4
 Summon Cactus Giant      Summ           0%         N/A       100%        6


Dungeon Overview and Level Annotations

Branches:
Dungeon (6/15)             Temple (1/1) D:5

Altars:
Ashenzari
Dithmenos
Fedhas
Gozag
Hepliaklqana
Kikubaaqudgha
Makhleb
Nemelex Xobeh
Okawaru
Qazlal
Sif Muna
Trog
Uskayaw
Vehumet
Wu Jian
Xom
Zin

Shops:
D:4 (


Innate Abilities, Weirdness & Mutations

You are too large for most types of armour.
You have claws for hands.
Your natural rate of healing is unusually fast.
You are covered in fur. (AC +1)
You have tough skin. (AC +1)


Message History

The ice beast barely misses you.
It was a potion of heal wounds.
You feel much better. You block the hound's attack.
The orc priest hits you but does no damage.
The hound bites you. The ice beast closely misses you.
You claw the ice beast!
The ice beast is severely wounded.
The hound bites you but does no damage. You block the orc priest's attack. x2
The ice beast hits you. The ice beast freezes you!
You claw the ice beast!
The ice beast is almost dead.
You block the hound's attack. The hound bites you.
The orc priest barely misses you. Something hits you but does no damage.
The orc priest hits you with a +0 flail.
The ice beast hits you. The ice beast freezes you.
* * * LOW HITPOINT WARNING * * *
You miss something. The hound barely misses you.
You block the orc priest's attack. Something hits you but does no damage.
The orc priest barely misses you. The ice beast completely misses you.
The ice beast hits you.
* * * LOW HITPOINT WARNING * * *
The ice beast freezes you!
* * * LOW HITPOINT WARNING * * *
Unknown command.
Okay, then.
Aiming: Fastroot
Press: ? - help, Shift-Dir - straight line, f - you The roots erupt in riotous growth!
Roots grab the ice beast.
Roots grab the hound.
Roots grab the orc priest.
Roots grab the ice beast.
Roots grab the orc priest.
The grasping roots constrict the ice beast!
You kill the ice beast!
The Council accepts your kill.
The grasping roots constrict the hound.
The grasping roots constrict the ice beast.
The grasping roots constrict the orc priest.
The grasping roots constrict the orc priest!
You hear a shout! x4
The hound bites you.
You die...

#########
#..o.o..###
#..@h......
#.Y.o......
#:.........
#..........
#..........
#.......#..
........# .
....$....#


You could see an ice beast (rooted), a hound (rooted), 2 orc priests and an orc.

Vanquished Creatures
  Sigmund (D:2)
  An ice beast (D:6)
  A necrophage (D:4)
  A scorpion (D:4)
  A jelly (D:4)
  An orc priest (D:4)
  2 hounds
  Terence (D:2)
  5 adders
  5 gnolls
  A worm (D:2)
  3 dart slugs
  4 orcs (D:4)
  8 ball pythons
  9 endoplasms
  3 giant cockroaches
  11 goblins
  7 hobgoblins
  7 kobolds
  4 quokkas
  3 bats
  3 frilled lizards
  4 rats
86 creatures vanquished.

Vanquished Creatures (others)
  3 plants (D:1)
3 creatures vanquished.

Grand Total: 89 creatures vanquished

Notes
Turn   | Place    | Note
-------+----------+-------------------------------------------
     0 | D:1      | croobank the Troll Fighter began the quest for the Orb.
     0 | D:1      | Reached XP level 1. HP: 22/22 MP: 0/0
   174 | D:1      | Reached XP level 2. HP: 29/29 MP: 1/1
   364 | D:1      | Found a faded altar of an unknown god.
   413 | D:1      | Reached XP level 3. HP: 35/36 MP: 2/2
   883 | D:2      | Reached skill level 3 in Unarmed Combat
  1294 | D:2      | Reached XP level 4. HP: 45/45 MP: 3/3
  1348 | D:2      | Noticed Terence
  1349 | D:2      | Noticed Sigmund
  1356 | D:2      | Killed Terence
  1361 | D:2      | HP: 1/45 [something/puff of flame (9)]
  1364 | D:2      | Killed Sigmund
  1365 | D:2      | Reached skill level 4 in Unarmed Combat
  1365 | D:2      | Reached XP level 5. HP: 5/53 MP: 4/4
  1817 | D:3      | Reached XP level 6. HP: 41/61 MP: 5/5
  2355 | D:4      | Found a glowing silver altar of Zin.
  2511 | D:4      | Reached skill level 5 in Unarmed Combat
  2750 | D:4      | Found Xoilu's Weapon Emporium.
  2840 | D:4      | Reached XP level 7. HP: 49/68 MP: 6/6
  2907 | D:5      | Entered Level 5 of the Dungeon
  2923 | D:5      | Found a staircase to the Ecumenical Temple.
  2994 | Temple   | Entered the Ecumenical Temple
  3191 | Temple   | Became a worshipper of the Wu Jian Council
  3264 | D:6      | HP: 1/70 [ice beast (14)]
  3265 | D:6      | Slain by a hound

Illustrated notes

Levels and vault maps discovered:
D:1:      shiori_arrival_oz, layout_loops_ring, basic_ecumenical_altar,
          serial_bayou_lake_a
D:2:      layout_loops_cross, uniq_sigmund, uniq_terence
D:3:      layout_basic
D:4:      layout_loops_ring, old_standard_altar, serial_shops,
          nicolae_shop_bloodbath_and_beyond
D:5:      layout_rooms, minmay_temple_entry_enclosed_plants, grunt_ministairs_1
D:6:      layout_rooms, chequers_temple_overflow_statue_of_worship
Temple:   nicolae_temple_bog_church

Skill      XL: |  1  2  3  4  5  6  7 |
---------------+----------------------+-----
Shields        | 3 4 |  4.4
Unarmed Combat | 3 4 5 |  5.7
Fighting       | 3 4 |  4.0
Dodging        | |  2.4

Action                   |  1- 3 |  4- 6 |  7- 9 || total
-------------------------+-------+-------+-------++-------
Melee: Unarmed           |   129 |   114 |    15 ||   258
 Fire: Sling             |     1 |       |       ||     1
Invok: Lunge             |       |       |     2 ||     2
Evoke: Wand              |       |       |     1 ||     1
  Use: Potion            |       |     1 |     4 ||     5
 Stab: Sleeping          |     1 |       |       ||     1
Armor: Robe              |    38 |    24 |     9 ||    71
Dodge: Dodged            |    36 |    35 |    12 ||    83
Block: Kite shield       |    40 |    42 |    16 ||    98
